 Dungeon Crawl Stone Soup version 0.29.1-15-g9cfb28693d (webtiles) character file.

Game seed: 10687384509148055979

87 Peloso the Covered (level 4, -1/40 HPs)
             Began as a Minotaur Fighter on Feb 21, 2023.
             Splashed by a jelly's acid (9 damage)
             ... on level 5 of the Dungeon.
             The game lasted 00:04:44 (2301 turns).

Peloso the Covered (Minotaur Fighter)               Turns: 2301, Time: 00:04:47

Health: -1/40      AC: -3    Str: 20    XL:     4   Next: 28%
Magic:  3/3        EV:  6    Int:  5    God:
Gold:   234        SH: 16    Dex: 12    Spells: 3/3 levels left

rFire   . . .      SeeInvis .   a - +0 long sword
rCold   . . .      Faith    .   d - +3 tower shield {reflect}
rNeg    . . .      Spirit   .   b - +0 scale mail
rPois   .          Reflect  +   (helmet restricted)
rElec   .          Harm     .   (no cloak)
rCorr   .          Rampage  .   h - +0 pair of gloves
Will    .....                   (no boots)
Stlth   ..........              i - amulet of regeneration
HPRegen 0.93/turn               (no ring)
MPRegen 0.08/turn               (no ring)

@: corroded
A: horns 2, retaliatory headbutt
a: no special abilities


You were on level 5 of the Dungeon.
You visited 1 branch of the dungeon, and saw 5 of its levels.

You collected 234 gold pieces.

Inventory:

Hand Weapons
 a - a +0 long sword (weapon)
Armour
 b - a +0 scale mail (worn)
 c - a +0 buckler
 d - a +3 tower shield of reflection (worn)
 h - a +0 pair of gloves (worn)
Jewellery
 i - an amulet of regeneration (around neck)
 n - a ring of wizardry
Scrolls
 l - 3 scrolls of enchant armour
 o - a scroll of torment {unknown}
Potions
 e - a potion of might
 f - 4 potions of curing {unknown}
 g - 2 potions of brilliance {unknown}
 j - a potion of flight {unknown}
 k - 2 potions of heal wounds {unknown}
 m - a potion of degeneration {unknown}


   Skills:
 + Level 4.0 Fighting
 + Level 3.7 Long Blades
 + Level 4.4 Armour
 + Level 0.1 Dodging
 + Level 4.4 Shields


You had 3 spell levels left.
You didn't know any spells.
Your spell library contained the following spells:

 Spells                   Type           Power      Damage    Failure   Level
 Blink                    Tloc           0%         N/A       100%        2
 Static Discharge         Conj/Air       0%         3-3/arc   100%        2
 Lesser Beckoning         Tloc           0%         N/A       100%        3
 Dispel Undead            Necr           0%         3d6       100%        4
 Sticky Flame             Conj/Fire      0%         2d3       100%        4
 Manifold Assault         Tloc           0%         N/A       100%        5


Dungeon Overview and Level Annotations

Branches:
Dungeon (5/15)
 Temple: D:4-7

Altars:

Annotations:
D:4 Edmund


Innate Abilities, Weirdness & Mutations

You have a pair of horns on your head.
You reflexively headbutt those who attack you in melee.


Message History

The white imp sputters.
You block the white imp's attack. x2
You hit the white imp.
The white imp is heavily wounded.
You block the white imp's attack.
You barely miss the white imp.
The white imp is heavily wounded.
The white imp picks up a beetle and eats it.
The white imp gestures at you. The puff of frost hits you!
The white imp gestures at you. The puff of frost hits you.
You hit the white imp but do no damage.
The white imp is heavily wounded.
The white imp shouts, "Get thee hence, thou surly weeb-spouting mooer!"
The white imp completely misses you.
Unknown command.
You barely miss the white imp.
You headbutt the white imp, but do no damage.
The white imp is heavily wounded.
You block the white imp's attack. The white imp gestures at you.
The puff of frost hits you! The jelly hits you. The acid corrodes you!
You are splashed with acid.
The jelly attacks as you move away! You block the jelly's attack.
You hit the jelly.
Your hands burn!
The jelly is lightly wounded.
The jelly hits you but does no damage.
You hit the jelly but do no damage. The acid corrodes you!
Your hands burn!
* * * LOW HITPOINT WARNING * * *
The jelly is lightly wounded.
You block the jelly's attack. The jelly barely misses you.
You hit the jelly.
Your hands burn!
* * * LOW HITPOINT WARNING * * *
You headbutt the jelly, but do no damage.
The jelly is lightly wounded.
The jelly hits you.
* * * LOW HITPOINT WARNING * * *
The acid corrodes you!
You are splashed with acid!
You die...

##......####.###.....##
#......# #.# #.....##
#......# #.# #.....#
#......# #.###.....#
#......# #........##
#......# ###.....†###
#......# #.###.†...
#####.## #.# #.#... #@#
#.# #.#...
.$######J#######.#
#.#...
........5........#
#.#...
..####.....#####.#
#.#... #####.# ...
..###. ..# #.# #. #.
.... ... .... ##. ....


You could see a jelly and a white imp.

Vanquished Creatures
  A gnoll (D:1)
  An adder (D:2)
  A white imp (D:5)
  A dart slug (D:3)
  4 orcs (D:2)
  A ball python (D:3)
  4 bats
  5 endoplasms
  A giant cockroach (D:2)
  5 hobgoblins
  6 jackals
  6 kobolds
  A quokka (D:2)
  3 frilled lizards
  5 goblins
  6 rats
51 creatures vanquished.

Vanquished Creatures (others)
  13 plants (D:1)
13 creatures vanquished.

Grand Total: 64 creatures vanquished

Notes
Turn   | Place    | Note
-------+----------+-------------------------------------------
     0 | D:1      | Peloso the Minotaur Fighter began the quest for the Orb.
     0 | D:1      | Reached XP level 1. HP: 19/19 MP: 0/0
    79 | D:1      | Reached XP level 2. HP: 22/27 MP: 1/1
   710 | D:1      | Found a faded altar of an unknown god.
   844 | D:2      | You fall into a shaft and drop 1 floor!
   891 | D:2      | Reached XP level 3. HP: 33/33 MP: 2/2
  1697 | D:3      | Reached XP level 4. HP: 40/40 MP: 3/3
  2187 | D:4      | Noticed Edmund
  2195 | D:5      | Entered Level 5 of the Dungeon
  2301 | D:5      | Splashed by a jelly's acid

Illustrated notes

Levels and vault maps discovered:
D:1:      dpeg_arrival_ternary, layout_loops_ring,
          dilly_ecumenical_altar_fadedgnrine, chequers_serial_rivers_small_b
D:2:      layout_basic
D:3:      layout_loops_ring
D:4:      nicolae_cairo_tiling_very_big, layout_basic,
          makhleb_altar_promises_db, minmay_overflow_temple_star_hex,
          nicolae_shop_self_help, uniq_edmund, uniq_menkaure, uniq_grinder
D:5:      layout_basic, kennysheep_generic_room_3

Skill      XL: |  1  2  3 |
---------------+----------+-----
Fighting       | 4 |  4.0
Shields        | 4 |  4.4
Armour         | 4 |  4.4
Long Blades    | 3 |  3.7
Dodging        | |  0.1

Action                   |  1- 3 |  4- 6 || total
-------------------------+-------+-------++-------
Melee: Long sword        |   137 |    36 ||   173
       Headbutt          |    16 |     7 ||    23
  Use: Scroll            |     3 |       ||     3
Armor: Scale mail        |    66 |    28 ||    94
Dodge: Dodged            |    27 |    13 ||    40
Block: Buckler           |     3 |       ||     3
       Tower shield      |   114 |    49 ||   163
       Reflection        |     1 |     2 ||     3
